Diablos vs Remparts
Created - February 12, 2020 at 19:19
Goals
|
| Diablos |
3 |
3 |
2 |
8 |
| Remparts |
2 |
1 |
2 |
5 |
|
Shots
|
| Diablos |
9 |
17 |
13 |
39 |
| Remparts |
15 |
11 |
7 |
33 |
|
1st period
1. Diablos , Peter Holland 4 (David Pastrnak 19, Tyler Lewington 1) at 3:31
2. Diablos , Tyler Pitlick 11 (Corey Trivino 12, Viktor Loov 15) at 8:37
3. Remparts , Cédric Lalonde-McNicoll 11 (Nail Yakupov 16, William Colbert 17) at 15:26
4. Diablos , Tyler Pitlick 12 (Corey Trivino 13, Brian Dumoulin 23) at 16:04
5. Remparts , Michal Jordan 7 (Guillaume Desbiens 27, Jonathan Matsumoto 4) at 17:43
Penalties :
No Penalty
2nd period
6. Diablos , Jakub Vrana 8 (Philip Larsen 19, Adrian Kempe 19) at 3:14
7. Remparts , Pontus Aberg 18 (Rickard Rakell 9, Max Reinhart 37) at 3:27
8. Diablos , Jiri Sekac 9 (Tyler Pitlick 11, Andrei Mironov 9) at 4:33
9. Diablos , Tyler Pitlick 13 (Nick Spaling 23) at 16:28
Penalties :
Joni Ortio (Don) for Slashing (Minor) at 6:55 - Philip Larsen served the penalty, Lars Eller (Don) for Holding (Minor) at 6:58, Adrian Kempe (Don) for Tripping (Minor) at 12:02, Rickard Rakell (Que) for Holding (Minor) at 17:46
3rd period
10. Remparts , Max Reinhart 20 (Rickard Rakell 10) at 0:06
11. Remparts , Jonathan Matsumoto 4 (Guillaume Desbiens 28, Rickard Rakell 11) at 0:40
12. Diablos , Peter Holland 5 (Ty Rattie 9, Jakub Vrana 7) at 9:25
13. Diablos , Jordan Szwarz 22 (Nick Spaling 24, Lars Eller 23) at 18:28 (PP)
Penalties :
Philip Larsen (Don) for Hooking (Minor) at 4:02, Viktor Baldayev (Que) for Slashing (Minor) at 9:28, Guillaume Desbiens (Que) for Diving (Minor) at 14:27, Sam Reinhart (Que) for Holding (Minor) at 17:34
Goalie Stats
Joni Ortio (Don), 28 saves from 33 shots - (0.848), W, 4-7-0, 60:00 minutes
Garret Sparks (Que), 6 saves from 10 shots - (0.600), 23:14 minutes
Igor Bobkov (Que), 25 saves from 29 shots - (0.862), L, 8-7-1, 36:46 minutes
Players Stats for Diablos
Player Name G A P +/- PIM S H SB GA TA FO MP PP MP PK MP
------------------------------------------------------------------------------------
Adrian Kempe 0 1 1 1 2 0 0 0 0 1 1/4 7:02 0:00 0:00
Alex Petrovic 0 0 0 2 0 1 2 1 0 0 0/0 18:55 2:16 1:59
Andrei Mironov 0 1 1 -1 0 0 0 1 0 0 0/0 9:31 0:00 0:12
Andrey Pedan 0 0 0 -1 0 0 0 0 0 0 0/0 12:19 0:00 2:33
Brian Dumoulin 0 1 1 -1 0 1 0 2 1 0 0/0 27:12 4:35 4:01
Corey Trivino 0 2 2 3 0 1 0 0 0 1 6/10 16:34 2:32 0:49
Danton Heinen 0 0 0 0 0 0 0 0 0 0 0/0 0:31 0:16 0:00
David Pastrnak 0 1 1 1 0 3 1 0 2 1 0/0 9:48 0:00 0:00
Dominic Turgeon 0 0 0 0 0 0 0 0 0 0 0/0 0:00 0:00 0:00
Jack Glover 0 0 0 0 0 0 0 0 0 0 0/0 0:00 0:00 0:00
Jakub Vrana 1 1 2 1 0 3 0 0 0 0 0/0 7:02 0:00 0:00
Jiri Sekac 1 0 1 3 0 5 0 1 0 0 0/1 16:33 2:32 0:47
Jordan Szwarz 1 0 1 -3 0 5 0 0 0 0 1/3 20:40 4:03 0:49
Lars Eller 0 1 1 -3 2 3 3 0 1 1 17/36 23:26 4:12 2:24
Matt Lindblad 0 0 0 0 0 0 0 0 0 0 1/1 2:04 0:00 1:21
Nick Spaling 0 2 2 -3 0 3 4 1 1 2 2/7 23:51 4:12 3:31
Peter Holland 2 0 2 1 0 5 2 0 0 1 2/6 10:07 0:00 0:19
Philip Larsen 0 1 1 -1 2 2 0 1 0 0 0/0 25:04 4:35 1:19
Riley Nash 0 0 0 0 0 0 0 0 0 0 0/0 0:22 0:07 0:00
Sergey Tolchinsky 0 0 0 1 0 0 3 1 0 0 0/0 9:48 0:00 0:00
Stuart Percy 0 0 0 2 0 0 1 1 0 0 0/0 4:34 0:00 0:00
Ty Rattie 0 1 1 1 0 2 0 0 0 0 0/0 7:24 0:07 0:00
Tyler Lewington 0 1 1 2 0 0 0 0 0 0 0/0 4:34 0:00 0:00
Tyler Pitlick 3 1 4 3 0 5 0 1 1 0 1/1 15:45 2:32 0:00
Viktor Loov 0 1 1 2 0 0 0 1 0 1 0/0 18:55 2:16 1:59
Players Stats for Remparts
Player Name G A P +/- PIM S H SB GA TA FO MP PP MP PK MP
------------------------------------------------------------------------------------
Brendan Perlini 0 0 0 1 0 1 1 0 0 0 0/0 15:20 2:29 0:00
Cédric Lalonde-McNicoll 1 0 1 0 0 3 0 0 0 1 4/7 12:23 0:00 1:37
Guillaume Desbiens 0 2 2 1 2 0 0 0 2 1 0/0 16:10 2:29 0:46
Jake Virtanen 0 0 0 -3 0 1 0 0 0 0 1/1 8:36 0:00 1:29
Jonathan Matsumoto 1 1 2 1 0 3 1 1 0 0 6/15 16:36 2:29 1:07
Keaton Thompson 0 0 0 -2 0 0 0 0 0 0 0/0 15:05 2:24 0:55
Matt Puempel 0 0 0 0 0 0 0 0 0 0 0/0 10:57 0:00 0:22
Max Reinhart 1 1 2 0 0 2 0 0 1 0 25/41 24:04 3:31 4:01
Michal Jordan 1 0 1 2 0 2 0 1 1 0 0/0 27:28 3:36 2:27
Nail Yakupov 0 1 1 0 0 2 4 0 1 0 0/0 10:30 0:00 0:00
Nelson Nogier 0 0 0 -2 0 0 3 0 0 0 0/0 11:17 0:00 0:00
Niklas Hansson 0 0 0 -2 0 1 0 2 0 1 0/0 18:22 0:00 4:24
Pontus Aberg 1 0 1 0 0 5 1 0 1 0 0/0 20:03 3:31 0:00
Rickard Rakell 0 3 3 0 2 7 3 0 1 0 1/4 23:13 3:31 3:02
Roberts Lipsbergs 0 0 0 -3 0 1 2 1 0 0 0/0 8:09 0:00 1:18
Sam Reinhart 0 0 0 -3 2 1 0 0 0 0 1/1 6:52 0:00 0:00
Viktor Baldayev 0 0 0 -2 2 2 1 0 0 0 0/0 18:29 2:24 1:56
William Colbert 0 1 1 2 0 2 2 2 1 3 0/0 29:31 3:36 4:00
3 Stars
1 - Tyler Pitlick (Don)
2 - Peter Holland (Don)
3 - Jiri Sekac (Don)
Power Play
Diablos - 1 on 4 Attempt(s) - 25.00%
Remparts - 0 on 4 Attempt(s) - 0.00%
Penalty Kill
Diablos - 4 on 4 Attempt(s) - 100.00%
- Score 0 goal in Penalty Kill
Remparts - 3 on 4 Attempt(s) - 75.00%
- Score 0 goal in Penalty Kill
Team Stat
Diablos - Hits : 16 - Faceoff Wins : 31 - Blocked Shots : 11 - Penalty Minutes : 8
Remparts - Hits : 18 - Faceoff Wins : 38 - Blocked Shots : 7 - Penalty Minutes : 8
Official
Referees : Unknown
Linesman : Unknown
Game Notes
Igor Bobkov enters game at 3:14 of 2nd period
Tyler Pitlick has scored a Hat Trick!
Finance
Level 1 -- Attendance: 1838 (91.90%) -- Ticket Income $55,140
Level 2 -- Attendance: 608 (60.80%) -- Ticket Income $12,160
Total Attendance: 2446 (81.53%)
Total Ticket Income: $67,300
Other Income: $3,365
Total Income: $70,665
Diablos
5 vs 5 Forward
Center Left Wing Right Wing Time % Phy DF OF
1 Lars Eller Nick Spaling Jordan Szwarz 40 1 2 2
2 Corey Trivino Jiri Sekac Tyler Pitlick 30 1 2 2
3 Peter Holland Sergey Tolchinsky David Pastrnak 20 1 2 2
4 Adrian Kempe Jakub Vrana Ty Rattie 10 1 2 2
5 vs 5 Defense
Defense Defense Time % Phy DF OF
1 Brian Dumoulin Philip Larsen 40 1 2 2
2 Alex Petrovic Viktor Loov 30 1 2 2
3 Andrey Pedan Andrei Mironov 20 1 2 2
4 Stuart Percy Tyler Lewington 10 1 2 2
PowerPlay Forward
Center Left Wing Right Wing Time % Phy DF OF
1 Lars Eller Nick Spaling Jordan Szwarz 60 1 2 2
2 Corey Trivino Jiri Sekac Tyler Pitlick 40 1 2 2
PowerPlay Defense
Defense Defense Time % Phy DF OF
1 Brian Dumoulin Philip Larsen 60 1 2 2
2 Alex Petrovic Viktor Loov 40 1 2 2
Penalty Kill 4 Players Forward
Center Wing Time % Phy DF OF
1 Nick Spaling Lars Eller 60 1 2 2
2 Jordan Szwarz Corey Trivino 40 1 2 2
Penalty Kill 4 Players Defense
Defense Defense Time % Phy DF OF
1 Brian Dumoulin Philip Larsen 60 1 2 2
2 Alex Petrovic Viktor Loov 40 1 2 2
Penalty Kill - 3 Players Forward
Forward Time % Phy DF OF
1 Nick Spaling 60 1 2 2
2 Lars Eller 40 1 2 2
Penalty Kill - 3 Players Defense
Defense Defense Time % Phy DF OF
1 Brian Dumoulin Philip Larsen 60 1 2 2
2 Alex Petrovic Viktor Loov 40 1 2 2
4 vs 4 Forward
Center Wing Time % Phy DF OF
1 Nick Spaling Lars Eller 60 1 2 2
2 Jordan Szwarz Corey Trivino 40 1 2 2
4 vs 4 Defense
Defense Defense Time % Phy DF OF
1 Brian Dumoulin Philip Larsen 60 1 2 2
2 Alex Petrovic Viktor Loov 40 1 2 2
Last Minutes Offensive
Center Left Wing Right Wing Defense Defense
Lars Eller Nick Spaling Jordan Szwarz Brian Dumoulin Philip Larsen
Last Minutes Defensive
Center Left Wing Right Wing Defense Defense
Lars Eller Nick Spaling Jordan Szwarz Brian Dumoulin Philip Larsen
Goaltenders
Starting : Joni Ortio
Backup : Kristers Gudlevskis
Extra Forwards
Normal : Danton Heinen, Riley Nash, Matt Lindblad - PP : Danton Heinen, Riley Nash - PK : Matt Lindblad
Extra Defensemen
Normal : Jack Glover, Andrey Pedan, Andrei Mironov - PP : Jack Glover - PK : Andrey Pedan, Andrei Mironov
Penalty Shots
Nick Spaling, Lars Eller, Jordan Szwarz, Corey Trivino, Tyler Pitlick
Scratches
Jamie Devane (Healthy), Tobias Lindberg (Healthy), Anthony Camara (Healthy), Branden Troock (Healthy), Ryan MacInnis (Healthy)
Matt Tomkins (Healthy)
Remparts
5 vs 5 Forward
Center Left Wing Right Wing Time % Phy DF OF
1 Max Reinhart Pontus Aberg Rickard Rakell 40 0 2 3
2 Jonathan Matsumoto Brendan Perlini Guillaume Desbiens 30 0 2 3
3 Cédric Lalonde-McNicoll Matt Puempel Nail Yakupov 20 0 2 3
4 Sam Reinhart Roberts Lipsbergs Jake Virtanen 10 1 2 2
5 vs 5 Defense
Defense Defense Time % Phy DF OF
1 Michal Jordan William Colbert 40 0 2 3
2 Viktor Baldayev Niklas Hansson 30 1 2 2
3 Keaton Thompson Nelson Nogier 20 1 2 2
4 Michal Jordan William Colbert 10 1 2 2
PowerPlay Forward
Center Left Wing Right Wing Time % Phy DF OF
1 Max Reinhart Pontus Aberg Rickard Rakell 60 0 0 4
2 Jonathan Matsumoto Brendan Perlini Guillaume Desbiens 40 0 1 4
PowerPlay Defense
Defense Defense Time % Phy DF OF
1 Michal Jordan William Colbert 60 0 2 3
2 Viktor Baldayev Keaton Thompson 40 0 2 3
Penalty Kill 4 Players Forward
Center Wing Time % Phy DF OF
1 Max Reinhart Rickard Rakell 60 1 3 1
2 Cédric Lalonde-McNicoll Guillaume Desbiens 40 1 3 1
Penalty Kill 4 Players Defense
Defense Defense Time % Phy DF OF
1 William Colbert Niklas Hansson 60 1 4 0
2 Michal Jordan Viktor Baldayev 40 1 4 0
Penalty Kill - 3 Players Forward
Forward Time % Phy DF OF
1 Max Reinhart 60 1 3 1
2 Rickard Rakell 40 1 3 1
Penalty Kill - 3 Players Defense
Defense Defense Time % Phy DF OF
1 William Colbert Niklas Hansson 60 1 4 0
2 Michal Jordan Viktor Baldayev 40 1 4 0
4 vs 4 Forward
Center Wing Time % Phy DF OF
1 Max Reinhart Rickard Rakell 60 0 2 3
2 Jonathan Matsumoto Pontus Aberg 40 0 2 3
4 vs 4 Defense
Defense Defense Time % Phy DF OF
1 Michal Jordan William Colbert 60 0 3 2
2 Viktor Baldayev Niklas Hansson 40 0 3 2
Last Minutes Offensive
Center Left Wing Right Wing Defense Defense
Max Reinhart Pontus Aberg Rickard Rakell Michal Jordan Niklas Hansson
Last Minutes Defensive
Center Left Wing Right Wing Defense Defense
Max Reinhart Pontus Aberg Rickard Rakell Michal Jordan Niklas Hansson
Goaltenders
Starting : Garret Sparks
Backup : Igor Bobkov
Extra Forwards
Normal : Sam Reinhart, Rickard Rakell, Max Reinhart - PP : Sam Reinhart, Rickard Rakell - PK : Jake Virtanen
Extra Defensemen
Normal : Viktor Baldayev, Niklas Hansson, Michal Jordan - PP : Niklas Hansson - PK : Michal Jordan, Niklas Hansson
Penalty Shots
Jonathan Matsumoto, Cédric Lalonde-McNicoll, Rickard Rakell, Pontus Aberg, Max Reinhart
Scratches
Juuso Ikonen (Healthy), Michael Downing (Healthy), Colin Smith (Healthy), Kyle Platzer (Healthy), Connor Honey (Healthy)
Anton Zlobin (Healthy), Mitchell Heard (Healthy), Tim Bozon (Healthy), Marek Langhamer (Healthy)
% Time on Ice - Diablos
Lines # - Real PCT - Wanted PCT - Time Play
Normal Forward
1 - 35% - 40% - 16:24
2 - 30% - 30% - 13:55
3 - 21% - 20% - 9:48
4 - 15% - 10% - 7:02
Normal Defense
1 - 39% - 40% - 18:36
2 - 31% - 30% - 14:40
3 - 20% - 20% - 9:19
4 - 10% - 10% - 4:34
PP Forward
1 - 63% - 60% - 4:19
2 - 37% - 40% - 2:32
PP Defense
1 - 67% - 60% - 4:35
2 - 33% - 40% - 2:16
PK Forward
1 - 79% - 60% - 3:12
2 - 21% - 40% - 0:52
PK Defense
1 - 67% - 60% - 2:44
2 - 33% - 40% - 1:20
PK3 Forward
1 - 57% - 60% - 1:06
2 - 43% - 40% - 0:50
PK3 Defense
1 - 66% - 60% - 1:17
2 - 34% - 40% - 0:39
44 Forward
1 - 0% - 60%
2 - 0% - 40%
44 Defense
1 - 0% - 60%
2 - 0% - 40%
Last Minute Offensive - 0:00
Last Minute Defensive - 0:00
Total
Forward - 60:00
Defense - 60:00
|
% Time on Ice - Remparts
Lines # - Real PCT - Wanted PCT - Time Play
Normal Forward
1 - 36% - 40% - 16:50
2 - 28% - 30% - 13:11
3 - 22% - 20% - 10:30
4 - 14% - 10% - 6:38
Normal Defense
1 - 40% - 40% - 19:04
2 - 30% - 30% - 13:57
3 - 24% - 20% - 11:17
4 - 6% - 10% - 2:51
PP Forward
1 - 59% - 60% - 3:31
2 - 41% - 40% - 2:29
PP Defense
1 - 60% - 60% - 3:36
2 - 40% - 40% - 2:24
PK Forward
1 - 79% - 60% - 5:26
2 - 21% - 40% - 1:25
PK Defense
1 - 67% - 60% - 4:34
2 - 33% - 40% - 2:17
PK3 Forward
1 - 0% - 60%
2 - 0% - 40%
PK3 Defense
1 - 0% - 60%
2 - 0% - 40%
44 Forward
1 - 0% - 60%
2 - 0% - 40%
44 Defense
1 - 0% - 60%
2 - 0% - 40%
Last Minute Offensive - 0:00
Last Minute Defensive - 0:00
Total
Forward - 60:00
Defense - 60:00
|
Play-by-Play
1st period
0:01 of 1st period - Lars Eller wins face-off versus Max Reinhart in neutral zone.
0:53 of 1st period - Snap shot by Nail Yakupov.
0:53 of 1st period - Shot Misses the Net.
0:55 of 1st period - Slapshot by William Colbert.
0:55 of 1st period - Shot Blocked by Alex Petrovic.
1:11 of 1st period - Wrist shot by Ty Rattie.
1:11 of 1st period - Deflect By Jakub Vrana.
1:11 of 1st period - Stopped by Garret Sparks with a rebound.
1:13 of 1st period - Snap shot by Jakub Vrana.
1:13 of 1st period - Stopped by Garret Sparks with a rebound.
1:15 of 1st period - Slapshot by Alex Petrovic.
1:15 of 1st period - Deflect By Adrian Kempe.
1:15 of 1st period - Shot Misses the Net.
1:15 of 1st period - Puck is out of play.
1:16 of 1st period - Lars Eller wins face-off versus Max Reinhart in Remparts zone.
1:55 of 1st period - Off-side.
1:56 of 1st period - Cédric Lalonde-McNicoll wins face-off versus Peter Holland in neutral zone.
2:32 of 1st period - Wrist shot by Guillaume Desbiens.
2:32 of 1st period - Shot Blocked by Brian Dumoulin.
3:04 of 1st period - William Colbert is hit by Stuart Percy and loses puck.
3:29 of 1st period - Wrist shot by David Pastrnak.
3:29 of 1st period - Stopped by Garret Sparks with a rebound.
3:31 of 1st period - Wrist shot by Peter Holland.
3:31 of 1st period - Goal by Peter Holland - Diablos : 1 - Remparts : 0.
3:32 of 1st period - Lars Eller wins face-off versus Max Reinhart in neutral zone.
4:06 of 1st period - Wrist shot by Nail Yakupov.
4:06 of 1st period - Deflect By Tyler Pitlick.
4:06 of 1st period - Shot Misses the Net.
4:06 of 1st period - Puck is out of play.
4:07 of 1st period - Corey Trivino wins face-off versus Jonathan Matsumoto in Diablos zone.
4:18 of 1st period - Off-side.
4:19 of 1st period - Max Reinhart wins face-off versus Lars Eller in neutral zone.
4:40 of 1st period - Rickard Rakell is hit by Nick Spaling and loses puck.
4:49 of 1st period - Andrei Mironov is hit by Rickard Rakell and loses puck.
5:20 of 1st period - Wrist shot by Rickard Rakell.
5:20 of 1st period - Shot Blocked by Andrei Mironov.
5:46 of 1st period - Wrist shot by Pontus Aberg.
5:46 of 1st period - Stopped by Joni Ortio with a rebound.
5:48 of 1st period - Wrist shot by Max Reinhart.
5:48 of 1st period - Stopped by Joni Ortio without a rebound.
5:49 of 1st period - Corey Trivino wins face-off versus Jonathan Matsumoto in Diablos zone.
6:05 of 1st period - Off-side.
6:06 of 1st period - Peter Holland wins face-off versus Cédric Lalonde-McNicoll in neutral zone.
6:19 of 1st period - Keaton Thompson is hit by Sergey Tolchinsky and loses puck.
7:02 of 1st period - Snap shot by Sam Reinhart.
7:02 of 1st period - Stopped by Joni Ortio with a rebound.
7:04 of 1st period - Slapshot by Roberts Lipsbergs.
7:04 of 1st period - Stopped by Joni Ortio with a rebound.
7:49 of 1st period - Icing by Philip Larsen.
7:50 of 1st period - Corey Trivino wins face-off versus Cédric Lalonde-McNicoll in Diablos zone.
7:50 of 1st period - Corey Trivino is hit by Nail Yakupov.
8:15 of 1st period - Jiri Sekac is hit by Rickard Rakell and loses puck.
8:29 of 1st period - Snap shot by Corey Trivino.
8:29 of 1st period - Shot Misses the Net.
8:31 of 1st period - Snap shot by Viktor Loov.
8:31 of 1st period - Shot Misses the Net.
8:33 of 1st period - Wrist shot by Corey Trivino.
8:33 of 1st period - Shot Misses the Net.
8:35 of 1st period - Snap shot by Corey Trivino.
8:35 of 1st period - Shot Misses the Net.
8:37 of 1st period - Snap shot by Tyler Pitlick.
8:37 of 1st period - Goal by Tyler Pitlick - Diablos : 2 - Remparts : 0.
8:38 of 1st period - Jonathan Matsumoto wins face-off versus Jordan Szwarz in neutral zone.
8:45 of 1st period - Wrist shot by Guillaume Desbiens.
8:45 of 1st period - Shot Misses the Net.
8:47 of 1st period - Snap shot by Jonathan Matsumoto.
8:47 of 1st period - Deflect By Brendan Perlini.
8:47 of 1st period - Stopped by Joni Ortio with a rebound.
9:03 of 1st period - Snap shot by David Pastrnak.
9:03 of 1st period - Stopped by Garret Sparks without a rebound.
9:04 of 1st period - Max Reinhart wins face-off versus Peter Holland in Remparts zone.
9:11 of 1st period - Slapshot by William Colbert.
9:11 of 1st period - Shot Blocked by Stuart Percy.
9:15 of 1st period - Slapshot by Pontus Aberg.
9:15 of 1st period - Shot Misses the Net.
9:17 of 1st period - Snap shot by Rickard Rakell.
9:17 of 1st period - Shot Blocked by Sergey Tolchinsky.
9:19 of 1st period - Slapshot by William Colbert.
9:19 of 1st period - Shot Hit the Post.
9:53 of 1st period - Backhand shot by Cédric Lalonde-McNicoll.
9:53 of 1st period - Shot Misses the Net.
9:55 of 1st period - Slapshot by Viktor Baldayev.
9:55 of 1st period - Stopped by Joni Ortio with a rebound.
10:01 of 1st period - Slapshot by Nail Yakupov.
10:01 of 1st period - Stopped by Joni Ortio with a rebound.
10:15 of 1st period - Stuart Percy is hit by Roberts Lipsbergs and loses puck.
10:59 of 1st period - Slapshot by Philip Larsen.
10:59 of 1st period - Deflect By David Pastrnak.
10:59 of 1st period - Shot Misses the Net.
10:59 of 1st period - Puck is out of play.
11:00 of 1st period - Lars Eller wins face-off versus Max Reinhart in Remparts zone.
11:09 of 1st period - Slapshot by Jordan Szwarz.
11:09 of 1st period - Stopped by Garret Sparks without a rebound.
11:10 of 1st period - Max Reinhart wins face-off versus Lars Eller in Remparts zone.
11:10 of 1st period - Max Reinhart is hit by Nick Spaling.
11:28 of 1st period - Slapshot by Pontus Aberg.
11:28 of 1st period - Shot Blocked by Philip Larsen.
11:30 of 1st period - Wrist shot by Max Reinhart.
11:30 of 1st period - Shot Misses the Net.
11:32 of 1st period - Slapshot by William Colbert.
11:32 of 1st period - Stopped by Joni Ortio without a rebound.
11:33 of 1st period - Corey Trivino wins face-off versus Jonathan Matsumoto in Diablos zone.
11:58 of 1st period - Nick Spaling is hit by Roberts Lipsbergs and loses puck.
12:09 of 1st period - William Colbert is hit by Alex Petrovic and loses puck.
12:22 of 1st period - Slapshot by Brian Dumoulin.
12:22 of 1st period - Deflect By Adrian Kempe.
12:22 of 1st period - Shot Misses the Net.
12:22 of 1st period - Puck is out of play.
12:23 of 1st period - Adrian Kempe wins face-off versus Max Reinhart in Remparts zone.
13:18 of 1st period - Wrist shot by Nail Yakupov.
13:18 of 1st period - Stopped by Joni Ortio with a rebound.
13:58 of 1st period - Wrist shot by Sam Reinhart.
13:58 of 1st period - Shot Hit the Post.
14:18 of 1st period - Snap shot by Guillaume Desbiens.
14:18 of 1st period - Shot Misses the Net.
14:30 of 1st period - William Colbert is hit by David Pastrnak and loses puck.
14:49 of 1st period - Cédric Lalonde-McNicoll is hit by Peter Holland and loses puck.
15:26 of 1st period - Wrist shot by Cédric Lalonde-McNicoll.
15:26 of 1st period - Goal by Cédric Lalonde-McNicoll - Diablos : 2 - Remparts : 1.
15:27 of 1st period - Lars Eller wins face-off versus Max Reinhart in neutral zone.
16:00 of 1st period - Wrist shot by Corey Trivino.
16:00 of 1st period - Shot Blocked by Jonathan Matsumoto.
16:02 of 1st period - Snap shot by Tyler Pitlick.
16:02 of 1st period - Shot Misses the Net.
16:04 of 1st period - Wrist shot by Tyler Pitlick.
16:04 of 1st period - Goal by Tyler Pitlick - Diablos : 3 - Remparts : 1.
16:05 of 1st period - Jordan Szwarz wins face-off versus Max Reinhart in neutral zone.
16:12 of 1st period - Snap shot by Nick Spaling.
16:12 of 1st period - Shot Misses the Net.
16:20 of 1st period - Snap shot by Pontus Aberg.
16:20 of 1st period - Shot Misses the Net.
16:36 of 1st period - Off-side.
16:37 of 1st period - Cédric Lalonde-McNicoll wins face-off versus Jiri Sekac in neutral zone.
16:39 of 1st period - Off-side.
16:40 of 1st period - Jonathan Matsumoto wins face-off versus Corey Trivino in neutral zone.
16:55 of 1st period - Slapshot by Guillaume Desbiens.
16:55 of 1st period - Deflect By Jonathan Matsumoto.
16:55 of 1st period - Stopped by Joni Ortio with a rebound.
17:09 of 1st period - Wrist shot by Nick Spaling.
17:09 of 1st period - Shot Blocked by Niklas Hansson.
17:33 of 1st period - Snap shot by Jake Virtanen.
17:33 of 1st period - Shot Misses the Net.
17:35 of 1st period - Snap shot by Viktor Baldayev.
17:35 of 1st period - Stopped by Joni Ortio with a rebound.
17:37 of 1st period - Wrist shot by Niklas Hansson.
17:37 of 1st period - Stopped by Joni Ortio without a rebound.
17:38 of 1st period - Jonathan Matsumoto wins face-off versus Lars Eller in Diablos zone.
17:41 of 1st period - Wrist shot by Guillaume Desbiens.
17:41 of 1st period - Shot Misses the Net.
17:43 of 1st period - Snap shot by Michal Jordan.
17:43 of 1st period - Goal by Michal Jordan - Diablos : 3 - Remparts : 2.
17:44 of 1st period - Max Reinhart wins face-off versus Lars Eller in neutral zone.
17:44 of 1st period - Michal Jordan is hit by Nick Spaling and loses puck.
18:40 of 1st period - Snap shot by Ty Rattie.
18:40 of 1st period - Stopped by Garret Sparks with a rebound.
18:53 of 1st period - Off-side.
18:54 of 1st period - Sam Reinhart wins face-off versus Peter Holland in neutral zone.
19:03 of 1st period - Keaton Thompson is hit by Sergey Tolchinsky and loses puck.
19:19 of 1st period - Alex Petrovic is hit by Nelson Nogier and loses puck.
19:32 of 1st period - Snap shot by Jonathan Matsumoto.
19:32 of 1st period - Stopped by Joni Ortio without a rebound.
19:33 of 1st period - Lars Eller wins face-off versus Rickard Rakell in Diablos zone.
19:33 of 1st period - Lars Eller is hit by Rickard Rakell.
19:47 of 1st period - Wrist shot by Pontus Aberg.
19:47 of 1st period - Shot Misses the Net.
Goals for this period are 3 for Diablos vs 2 for Remparts.
Shots for this period are 9 for Diablos vs 15 for Remparts.
2nd period
0:01 of 2nd period - Max Reinhart wins face-off versus Lars Eller in neutral zone.
0:26 of 2nd period - Jiri Sekac is hit by Jonathan Matsumoto and loses puck.
1:35 of 2nd period - Off-side.
1:36 of 2nd period - Max Reinhart wins face-off versus Adrian Kempe in neutral zone.
2:05 of 2nd period - Snap shot by Rickard Rakell.
2:05 of 2nd period - Stopped by Joni Ortio with a rebound.
2:23 of 2nd period - Corey Trivino is hit by Nelson Nogier and loses puck.
3:12 of 2nd period - Slapshot by Philip Larsen.
3:12 of 2nd period - Shot Blocked by Roberts Lipsbergs.
3:14 of 2nd period - Wrist shot by Jakub Vrana.
3:14 of 2nd period - Goal by Jakub Vrana - Diablos : 4 - Remparts : 2.
3:14 of 2nd period - Igor Bobkov enters game.
3:15 of 2nd period - Lars Eller wins face-off versus Rickard Rakell in neutral zone.
3:25 of 2nd period - Snap shot by Rickard Rakell.
3:25 of 2nd period - Stopped by Joni Ortio with a rebound.
3:27 of 2nd period - Wrist shot by Pontus Aberg.
3:27 of 2nd period - Goal by Pontus Aberg - Diablos : 4 - Remparts : 3.
3:28 of 2nd period - Lars Eller wins face-off versus Max Reinhart in neutral zone.
3:35 of 2nd period - Wrist shot by Nick Spaling.
3:35 of 2nd period - Shot Misses the Net.
3:37 of 2nd period - Slapshot by Brian Dumoulin.
3:37 of 2nd period - Shot Misses the Net.
3:39 of 2nd period - Snap shot by Brian Dumoulin.
3:39 of 2nd period - Stopped by Igor Bobkov without a rebound.
3:40 of 2nd period - Lars Eller wins face-off versus Jonathan Matsumoto in Remparts zone.
4:10 of 2nd period - Wrist shot by Rickard Rakell.
4:10 of 2nd period - Stopped by Joni Ortio without a rebound.
4:11 of 2nd period - Max Reinhart wins face-off versus Corey Trivino in Diablos zone.
4:16 of 2nd period - Slapshot by Pontus Aberg.
4:16 of 2nd period - Shot Blocked by Tyler Pitlick.
4:33 of 2nd period - Snap shot by Jiri Sekac.
4:33 of 2nd period - Goal by Jiri Sekac - Diablos : 5 - Remparts : 3.
4:34 of 2nd period - Lars Eller wins face-off versus Jonathan Matsumoto in neutral zone.
4:39 of 2nd period - Wrist shot by Lars Eller.
4:39 of 2nd period - Stopped by Igor Bobkov without a rebound.
4:40 of 2nd period - Jonathan Matsumoto wins face-off versus Lars Eller in Remparts zone.
4:49 of 2nd period - Slapshot by Philip Larsen.
4:49 of 2nd period - Stopped by Igor Bobkov with a rebound.
4:51 of 2nd period - Wrist shot by Jordan Szwarz.
4:51 of 2nd period - Stopped by Igor Bobkov without a rebound.
4:52 of 2nd period - Lars Eller wins face-off versus Max Reinhart in Remparts zone.
5:19 of 2nd period - Snap shot by Corey Trivino.
5:19 of 2nd period - Shot Misses the Net.
5:39 of 2nd period - Wrist shot by Cédric Lalonde-McNicoll.
5:39 of 2nd period - Shot Misses the Net.
5:41 of 2nd period - Wrist shot by Cédric Lalonde-McNicoll.
5:41 of 2nd period - Shot Misses the Net.
5:43 of 2nd period - Slapshot by William Colbert.
5:43 of 2nd period - Stopped by Joni Ortio with a rebound.
5:45 of 2nd period - Slapshot by Cédric Lalonde-McNicoll.
5:45 of 2nd period - Stopped by Joni Ortio with a rebound.
6:43 of 2nd period - Wrist shot by Jiri Sekac.
6:43 of 2nd period - Stopped by Igor Bobkov with a rebound.
6:51 of 2nd period - Wrist shot by Rickard Rakell.
6:51 of 2nd period - Shot Misses the Net.
6:53 of 2nd period - Snap shot by Rickard Rakell.
6:53 of 2nd period - Shot Blocked by Brian Dumoulin.
6:55 of 2nd period - Wrist shot by Rickard Rakell.
6:55 of 2nd period - Stopped by Joni Ortio without a rebound.
6:55 of 2nd period - Minor Penalty to Joni Ortio for Slashing.
6:56 of 2nd period - Nick Spaling wins face-off versus Jonathan Matsumoto in Diablos zone.
6:58 of 2nd period - Minor Penalty to Lars Eller for Holding.
6:59 of 2nd period - Max Reinhart wins face-off versus Nick Spaling in Diablos zone.
7:01 of 2nd period - Snap shot by Max Reinhart.
7:01 of 2nd period - Shot Misses the Net.
7:03 of 2nd period - Slapshot by Michal Jordan.
7:03 of 2nd period - Stopped by Joni Ortio with a rebound.
7:05 of 2nd period - Snap shot by Pontus Aberg.
7:05 of 2nd period - Shot Blocked by Nick Spaling.
7:07 of 2nd period - Snap shot by Rickard Rakell.
7:07 of 2nd period - Shot Misses the Net.
7:09 of 2nd period - Wrist shot by Pontus Aberg.
7:09 of 2nd period - Stopped by Joni Ortio without a rebound.
7:10 of 2nd period - Max Reinhart wins face-off versus Nick Spaling in Diablos zone.
7:35 of 2nd period - Nick Spaling is hit by Brendan Perlini.
8:07 of 2nd period - Guillaume Desbiens is hit by Nick Spaling and loses puck.
8:55 of 2nd period - Penalty to Philip Larsen is over, Philip Larsen is back on ice.
8:58 of 2nd period - Penalty to Lars Eller is over, Lars Eller is back on ice.
9:08 of 2nd period - Matt Lindblad is hit by Nail Yakupov and loses puck.
9:30 of 2nd period - Philip Larsen is hit by Viktor Baldayev and loses puck.
10:05 of 2nd period - Sergey Tolchinsky is hit by Nail Yakupov and loses puck.
10:16 of 2nd period - Slapshot by Ty Rattie.
10:16 of 2nd period - Stopped by Igor Bobkov without a rebound.
10:17 of 2nd period - Jake Virtanen wins face-off versus Adrian Kempe in Remparts zone.
10:48 of 2nd period - Wrist shot by David Pastrnak.
10:48 of 2nd period - Deflect By Peter Holland.
10:48 of 2nd period - Stopped by Igor Bobkov with a rebound.
10:50 of 2nd period - Wrist shot by Peter Holland.
10:50 of 2nd period - Stopped by Igor Bobkov with a rebound.
11:06 of 2nd period - Snap shot by Jonathan Matsumoto.
11:06 of 2nd period - Shot Misses the Net.
11:32 of 2nd period - Wrist shot by Jiri Sekac.
11:32 of 2nd period - Stopped by Igor Bobkov with a rebound.
11:34 of 2nd period - Slapshot by Corey Trivino.
11:34 of 2nd period - Stopped by Igor Bobkov with a rebound.
12:02 of 2nd period - Minor Penalty to Adrian Kempe for Tripping.
12:03 of 2nd period - Max Reinhart wins face-off versus Nick Spaling in Diablos zone.
12:14 of 2nd period - Backhand shot by Pontus Aberg.
12:14 of 2nd period - Stopped by Joni Ortio without a rebound.
12:15 of 2nd period - Max Reinhart wins face-off versus Nick Spaling in Diablos zone.
12:22 of 2nd period - Wrist shot by Pontus Aberg.
12:22 of 2nd period - Stopped by Joni Ortio with a rebound.
13:23 of 2nd period - Slapshot by Jiri Sekac.
13:23 of 2nd period - Stopped by Igor Bobkov with a rebound.
14:02 of 2nd period - Penalty to Adrian Kempe is over, Adrian Kempe is back on ice.
14:09 of 2nd period - Wrist shot by Peter Holland.
14:09 of 2nd period - Stopped by Igor Bobkov with a rebound.
14:12 of 2nd period - Icing by Rickard Rakell.
14:13 of 2nd period - Max Reinhart wins face-off versus Peter Holland in Remparts zone.
14:18 of 2nd period - Wrist shot by David Pastrnak.
14:18 of 2nd period - Deflect By Viktor Baldayev.
14:18 of 2nd period - Shot Misses the Net.
14:18 of 2nd period - Puck is out of play.
14:19 of 2nd period - Cédric Lalonde-McNicoll wins face-off versus Corey Trivino in Remparts zone.
14:51 of 2nd period - Wrist shot by Jordan Szwarz.
14:51 of 2nd period - Deflect By Lars Eller.
14:51 of 2nd period - Shot Misses the Net.
14:51 of 2nd period - Puck is out of play.
14:52 of 2nd period - Lars Eller wins face-off versus Max Reinhart in Remparts zone.
15:03 of 2nd period - Snap shot by Nick Spaling.
15:03 of 2nd period - Stopped by Igor Bobkov without a rebound.
15:04 of 2nd period - Lars Eller wins face-off versus Max Reinhart in Remparts zone.
15:05 of 2nd period - Slapshot by Jordan Szwarz.
15:05 of 2nd period - Stopped by Igor Bobkov with a rebound.
15:46 of 2nd period - Slapshot by Michal Jordan.
15:46 of 2nd period - Shot Misses the Net.
16:28 of 2nd period - Wrist shot by Tyler Pitlick.
16:28 of 2nd period - Goal by Tyler Pitlick - Diablos : 6 - Remparts : 3.
16:29 of 2nd period - Max Reinhart wins face-off versus Lars Eller in neutral zone.
16:44 of 2nd period - Michal Jordan is hit by Lars Eller and loses puck.
16:55 of 2nd period - Jiri Sekac is hit by William Colbert and loses puck.
17:44 of 2nd period - Snap shot by Sergey Tolchinsky.
17:44 of 2nd period - Shot Misses the Net.
17:46 of 2nd period - Minor Penalty to Rickard Rakell for Holding.
17:47 of 2nd period - Max Reinhart wins face-off versus Lars Eller in Remparts zone.
17:47 of 2nd period - Max Reinhart is hit by Lars Eller.
18:16 of 2nd period - William Colbert is hit by Alex Petrovic.
19:46 of 2nd period - Penalty to Rickard Rakell is over, Rickard Rakell is back on ice.
Goals for this period are 3 for Diablos vs 1 for Remparts.
Shots for this period are 17 for Diablos vs 11 for Remparts.
3rd period
0:01 of 3rd period - Max Reinhart wins face-off versus Lars Eller in neutral zone.
0:06 of 3rd period - Wrist shot by Max Reinhart.
0:06 of 3rd period - Goal by Max Reinhart - Diablos : 6 - Remparts : 4.
0:07 of 3rd period - Max Reinhart wins face-off versus Lars Eller in neutral zone.
0:28 of 3rd period - Nick Spaling is hit by Pontus Aberg.
0:40 of 3rd period - Snap shot by Jonathan Matsumoto.
0:40 of 3rd period - Goal by Jonathan Matsumoto - Diablos : 6 - Remparts : 5.
0:41 of 3rd period - Jonathan Matsumoto wins face-off versus Jordan Szwarz in neutral zone.
1:21 of 3rd period - Slapshot by Lars Eller.
1:21 of 3rd period - Stopped by Igor Bobkov without a rebound.
1:22 of 3rd period - Max Reinhart wins face-off versus Corey Trivino in Remparts zone.
2:21 of 3rd period - Wrist shot by David Pastrnak.
2:21 of 3rd period - Stopped by Igor Bobkov with a rebound.
3:02 of 3rd period - Off-side.
3:03 of 3rd period - Max Reinhart wins face-off versus Lars Eller in neutral zone.
3:13 of 3rd period - Snap shot by Philip Larsen.
3:13 of 3rd period - Stopped by Igor Bobkov without a rebound.
3:14 of 3rd period - Max Reinhart wins face-off versus Lars Eller in Remparts zone.
3:20 of 3rd period - Snap shot by Nick Spaling.
3:20 of 3rd period - Stopped by Igor Bobkov without a rebound.
3:21 of 3rd period - Lars Eller wins face-off versus Max Reinhart in Remparts zone.
3:46 of 3rd period - Wrist shot by Cédric Lalonde-McNicoll.
3:46 of 3rd period - Shot Blocked by Jiri Sekac.
4:02 of 3rd period - Minor Penalty to Philip Larsen for Hooking.
4:03 of 3rd period - Nick Spaling wins face-off versus Max Reinhart in Diablos zone.
4:13 of 3rd period - Icing by William Colbert.
4:14 of 3rd period - Max Reinhart wins face-off versus Nick Spaling in Remparts zone.
4:58 of 3rd period - Snap shot by Guillaume Desbiens.
4:58 of 3rd period - Shot Misses the Net.
5:19 of 3rd period - Icing by Guillaume Desbiens.
5:20 of 3rd period - Matt Lindblad wins face-off versus Jonathan Matsumoto in Remparts zone.
6:02 of 3rd period - Penalty to Philip Larsen is over, Philip Larsen is back on ice.
6:21 of 3rd period - Snap shot by Jake Virtanen.
6:21 of 3rd period - Stopped by Joni Ortio without a rebound.
6:22 of 3rd period - Corey Trivino wins face-off versus Cédric Lalonde-McNicoll in Diablos zone.
6:38 of 3rd period - Slapshot by Tyler Pitlick.
6:38 of 3rd period - Stopped by Igor Bobkov without a rebound.
6:39 of 3rd period - Peter Holland wins face-off versus Rickard Rakell in Remparts zone.
7:31 of 3rd period - Jordan Szwarz is hit by Nail Yakupov and loses puck.
7:48 of 3rd period - Snap shot by Alex Petrovic.
7:48 of 3rd period - Stopped by Igor Bobkov with a rebound.
8:25 of 3rd period - Corey Trivino is hit by Nelson Nogier and loses puck.
9:23 of 3rd period - Backhand shot by Ty Rattie.
9:23 of 3rd period - Shot Misses the Net.
9:25 of 3rd period - Snap shot by Peter Holland.
9:25 of 3rd period - Goal by Peter Holland - Diablos : 7 - Remparts : 5.
9:26 of 3rd period - Rickard Rakell wins face-off versus Lars Eller in neutral zone.
9:28 of 3rd period - Minor Penalty to Viktor Baldayev for Slashing.
9:29 of 3rd period - Lars Eller wins face-off versus Max Reinhart in Remparts zone.
9:41 of 3rd period - Wrist shot by Rickard Rakell.
9:41 of 3rd period - Stopped by Joni Ortio without a rebound.
9:42 of 3rd period - Max Reinhart wins face-off versus Lars Eller in Diablos zone.
9:53 of 3rd period - Snap shot by Lars Eller.
9:53 of 3rd period - Shot Misses the Net.
9:55 of 3rd period - Slapshot by Philip Larsen.
9:55 of 3rd period - Shot Blocked by William Colbert.
9:57 of 3rd period - Slapshot by Lars Eller.
9:57 of 3rd period - Shot Misses the Net.
11:28 of 3rd period - Penalty to Viktor Baldayev is over, Viktor Baldayev is back on ice.
12:35 of 3rd period - Nelson Nogier is hit by Peter Holland and loses puck.
12:50 of 3rd period - Slapshot by Ty Rattie.
12:50 of 3rd period - Shot Misses the Net.
13:22 of 3rd period - Icing by Viktor Loov.
13:23 of 3rd period - Cédric Lalonde-McNicoll wins face-off versus Adrian Kempe in Diablos zone.
13:50 of 3rd period - Snap shot by Tyler Pitlick.
13:50 of 3rd period - Shot Misses the Net.
13:52 of 3rd period - Snap shot by Corey Trivino.
13:52 of 3rd period - Deflect By Tyler Pitlick.
13:52 of 3rd period - Stopped by Igor Bobkov without a rebound.
13:53 of 3rd period - Lars Eller wins face-off versus Jonathan Matsumoto in Remparts zone.
13:58 of 3rd period - Snap shot by Jordan Szwarz.
13:58 of 3rd period - Shot Blocked by Michal Jordan.
14:08 of 3rd period - Snap shot by Lars Eller.
14:08 of 3rd period - Deflect By Jonathan Matsumoto.
14:08 of 3rd period - Stopped by Igor Bobkov without a rebound.
14:09 of 3rd period - Corey Trivino wins face-off versus Max Reinhart in Remparts zone.
14:22 of 3rd period - Snap shot by Jiri Sekac.
14:22 of 3rd period - Shot Misses the Net.
14:24 of 3rd period - Snap shot by Jiri Sekac.
14:24 of 3rd period - Stopped by Igor Bobkov without a rebound.
14:25 of 3rd period - Jonathan Matsumoto wins face-off versus Lars Eller in Remparts zone.
14:27 of 3rd period - Minor Penalty to Guillaume Desbiens for Diving.
14:28 of 3rd period - Max Reinhart wins face-off versus Lars Eller in Remparts zone.
14:44 of 3rd period - Snap shot by Jordan Szwarz.
14:44 of 3rd period - Stopped by Igor Bobkov with a rebound.
16:27 of 3rd period - Penalty to Guillaume Desbiens is over, Guillaume Desbiens is back on ice.
16:31 of 3rd period - Wrist shot by Guillaume Desbiens.
16:31 of 3rd period - Deflect By Cédric Lalonde-McNicoll.
16:31 of 3rd period - Stopped by Joni Ortio with a rebound.
16:52 of 3rd period - Wrist shot by Jonathan Matsumoto.
16:52 of 3rd period - Shot Misses the Net.
16:54 of 3rd period - Snap shot by Brendan Perlini.
16:54 of 3rd period - Shot Blocked by Viktor Loov.
17:34 of 3rd period - Minor Penalty to Sam Reinhart for Holding.
17:35 of 3rd period - Max Reinhart wins face-off versus Lars Eller in Remparts zone.
17:43 of 3rd period - Slapshot by Brian Dumoulin.
17:43 of 3rd period - Deflect By Jordan Szwarz.
17:43 of 3rd period - Shot Misses the Net.
17:43 of 3rd period - Puck is out of play.
17:44 of 3rd period - Max Reinhart wins face-off versus Lars Eller in Remparts zone.
17:44 of 3rd period - Max Reinhart is hit by Lars Eller.
18:06 of 3rd period - Snap shot by Jordan Szwarz.
18:06 of 3rd period - Shot Misses the Net.
18:16 of 3rd period - Snap shot by Jordan Szwarz.
18:16 of 3rd period - Shot Blocked by Niklas Hansson.
18:20 of 3rd period - Slapshot by Nick Spaling.
18:20 of 3rd period - Shot Misses the Net.
18:22 of 3rd period - Backhand shot by Lars Eller.
18:22 of 3rd period - Shot Misses the Net.
18:24 of 3rd period - Slapshot by Nick Spaling.
18:24 of 3rd period - Shot Blocked by William Colbert.
18:26 of 3rd period - Wrist shot by Nick Spaling.
18:26 of 3rd period - Stopped by Igor Bobkov with a rebound.
18:28 of 3rd period - Wrist shot by Jordan Szwarz.
18:28 of 3rd period - Goal by Jordan Szwarz - Diablos : 8 - Remparts : 5.
18:29 of 3rd period - Tyler Pitlick wins face-off versus Jonathan Matsumoto in neutral zone.
18:32 of 3rd period - Slapshot by Viktor Loov.
18:32 of 3rd period - Shot Misses the Net.
18:54 of 3rd period - Keaton Thompson is hit by Sergey Tolchinsky.
19:17 of 3rd period - Wrist shot by Rickard Rakell.
19:17 of 3rd period - Stopped by Joni Ortio without a rebound.
19:18 of 3rd period - Max Reinhart wins face-off versus Lars Eller in Diablos zone.
19:21 of 3rd period - Wrist shot by Rickard Rakell.
19:21 of 3rd period - Stopped by Joni Ortio without a rebound.
19:22 of 3rd period - Lars Eller wins face-off versus Max Reinhart in Diablos zone.
19:33 of 3rd period - Brian Dumoulin is hit by William Colbert and loses puck.
Goals for this period are 2 for Diablos vs 2 for Remparts.
Shots for this period are 13 for Diablos vs 7 for Remparts.
Back to the Top